 Dungeon Crawl Stone Soup version 0.22-a0-460-g49b1da7 (webtiles) character file.

126 protoss039 the Sneak (level 4, -13/33 HPs)
             Began as a Vampire Assassin on June 10, 2018.
             Killed by divine providence
             ... invoked by an orc priest
              (17 damage)
             ... on level 3 of the Dungeon.
             The game lasted 00:09:11 (1698 turns).

protoss039 the Sneak (Vampire Assassin)             Turns: 1698, Time: 00:09:11

Health: -13/33     AC:  6    Str: 10    XL:     4   Next: 84%
Magic:  4/4        EV: 12    Int: 13    God:
Gold:   110        SH:  0    Dex: 16    Spells: 3/3 levels left

rFire    . . .     SeeInvis +   a - +2 dagger
rCold    + . .     Gourm    .   (no shield)
rNeg     + + .     Faith    .   n - +0 troll leather armour
rPois    +         Spirit   .   o - +0 helmet
rElec    .         Reflect  .   d - +0 cloak
rCorr    .         Harm     .   (no gloves)
MR       .....                  (no boots)
Stlth    +++++.....             (no amulet)
HPRegen  0.25/turn              (no ring)
MPRegen  0.09/turn              (no ring)

@: regenerating slowly
A: fangs 3, see invisible, unbreathing
a: Bat Form


You were on level 3 of the Dungeon.
You were very thirsty.

You visited 1 branch of the dungeon, and saw 3 of its levels.

You collected 110 gold pieces.

Inventory:

Hand Weapons
 a - a +2 dagger (weapon)
 b - a +0 blowgun
Missiles
 e - 5 poisoned needles
 f - a curare-tipped needle
Armour
 c - a +0 robe
 d - a +0 cloak (worn)
 n - a +0 troll leather armour (worn)
 o - a +0 helmet (worn)
Jewellery
 p - an uncursed ring of flight {unknown}
Scrolls
 h - a scroll of magic mapping {unknown}
 i - 4 scrolls of teleportation {unknown}
 k - a scroll of immolation {unknown}
 l - 3 scrolls of remove curse {unknown}
 m - a scroll of enchant weapon {unknown}
 r - a scroll of identify {unknown}
 s - a scroll of enchant armour {unknown}
 t - a scroll of fear {unknown}
 u - a scroll of amnesia {unknown}
Potions
 g - 25 potions of blood
 j - 2 potions of brilliance {unknown}
 q - a potion of ambrosia {unknown}


   Skills:
 + Level 2.1 Fighting
 + Level 3.2 Short Blades
 + Level 2.0 Throwing
 + Level 0.4 Armour
 + Level 1.6 Dodging
 + Level 7.8 Stealth
 + Level 0.4 Unarmed Combat


You had 3 spell levels left.
You didn't know any spells.
Your spell library was empty.

Dungeon Overview and Level Annotations

Branches:
Dungeon (3/15)

Altars:


Innate Abilities, Weirdness & Mutations

You heal slowly.
You have razor-sharp teeth.
You have supernaturally acute eyesight. (SInv)
You can survive without breathing.


Message History

The orc is almost dead.
The orc barely misses you.
You hit the orc.
You kill the orc!
The orc misses you.
You closely miss the orc priest. The orc priest barely misses you.
The orc closely misses you.
You barely miss the orc priest. You hit the orc priest.
The orc priest is moderately wounded.
The orc priest calls down the wrath of Beogh upon you.
Pain shoots through your body! The orc misses you.
You hit the orc priest.
The orc priest is moderately wounded.
The orc priest closely misses you. The orc hits you with a flail!
* * * LOW HITPOINT WARNING * * *
The orc priest invokes the aid of Beogh against you.
Beogh smites you!
Ouch! That really hurt!
You die...

.# ##.###### ..$.....
###### #(...(# .....#
#.....# .....# #)†...#
.....# #oo..[# .....#
#.....# ..#+##
.#######@..<.# #.#.#
.............# #.#.#
#######......#
#.#.###########......#
......................>
#...###########+#.......
#...# ####### #...#
#...#


You could see an orc priest and an orc.

Vanquished Creatures
  Natasha (D:3)
  3 adders
  2 worms
  A dart slug (D:3)
  A leopard gecko (D:2)
  3 orcs (D:3)
  7 bats
  5 giant cockroaches (D:1)
  6 goblins
  6 hobgoblins
  9 jackals
  5 kobolds
  12 rats
61 creatures vanquished.

Notes
Turn   | Place    | Note
-------+----------+-------------------------------------------
     0 | D:1      | protoss039 the Vampire Assassin began the quest for the Orb.
     0 | D:1      | Reached XP level 1. HP: 16/16 MP: 1/1
     7 | D:1      | Reached skill level 6 in Stealth
   133 | D:1      | Reached XP level 2. HP: 22/22 MP: 2/2
   758 | D:2      | Reached XP level 3. HP: 9/27 MP: 3/3
   939 | D:2      | Reached skill level 7 in Stealth
  1495 | D:3      | Reached XP level 4. HP: 33/33 MP: 4/4
  1557 | D:3      | Noticed Natasha
  1559 | D:3      | Killed Natasha
  1698 | D:3      | Killed from afar by an orc priest

Vault maps used:
D:1:      lightli_arrival_statuegarden
D:2:      serial_park_tiny_2
D:3:      minmay_wonky_spiral, corexii_leaking_fountain, minmay_door_square,
          uniq_natasha

Skill      XL: |  1  2  3  4 |
---------------+-------------+-----
Stealth        | 6 7 |  7.8
Fighting       | 2 |  2.1
Short Blades   | 3 |  3.2
Throwing       | 2 |  2.0
Armour         | |  0.4
Dodging        | |  1.6
Unarmed Combat | |  0.4

Action                   |  1- 3 |  4- 6 || total
-------------------------+-------+-------++-------
Melee: Dagger            |   115 |    53 ||   168
       Bite              |    12 |     5 ||    17
       Unarmed           |    21 |       ||    21
 Fire: Blowgun           |    22 |       ||    22
 Abil: End Transformatio |     1 |       ||     1
       Bat Form          |     1 |       ||     1
 Stab: Sleeping          |    17 |     8 ||    25
       Distracted        |     2 |       ||     2
Armor: Robe              |    15 |       ||    15
       Troll leather arm |    16 |     7 ||    23
Dodge: Dodged            |    77 |    19 ||    96

Table legend:
 A = Spawn XP
 B = Non-spawn XP
 C = Spawn XP percentage of total XP
 D = Spawn monster count
 E = Non-spawn monster count
 F = Spawn count percentage of total count
 G = Total turns spent on level
                    A         B        C        D         E        F      G
               +---------+---------+-------+---------+---------+-------+---------
         Total |       0 |     181 |   0.0 |       0 |      61 |   0.0 |  1698
               +---------+---------+-------+---------+---------+-------+---------
           D:1 |       0 |      26 |   0.0 |       0 |      16 |   0.0 |   646
           D:2 |       0 |      63 |   0.0 |       0 |      23 |   0.0 |   802
           D:3 |       0 |      92 |   0.0 |       0 |      22 |   0.0 |   250
               +---------+---------+-------+---------+---------+-------+---------
